 Dungeon Sprint DCSS version 0.25-a0-571-gb5e01bddfa (webtiles) character file.

Game seed: 2115757595804848005, levelgen mode: deterministic

17537 McKennaii the Impaler (level 12, -12/108 HPs)
             Began as a Demonspawn Fighter on Feb 29, 2020.
             Was the Champion of Cheibriados.
             Mangled by a shambling mangrove (19 damage)
             ... in the Dungeon (Sprint IX: "|||||||||||||||||||||||||||||").
             The game lasted 00:16:01 (2937 turns).

McKennaii the Impaler (Demonspawn Fighter)          Turns: 2937, Time: 00:16:02

Health: -12/108    AC: 26    Str: 37    XL:     12   Next: 19%
Magic:  17/17      EV: 11    Int: 25    God:    Cheibriados [******]
Gold:   1726       SH:  0    Dex: 27    Spells: 11/11 levels left

rFire    . . .     SeeInvis .   o - +2 halberd (venom)
rCold    . . .     Gourm    .   (shield currently unavailable)
rNeg     . . .     Faith    .   z - +2 plate armour
rPois    .         Spirit   .   y - +1 helmet
rElec    .         Reflect  .   p - +0 cloak
rCorr    .         Harm     .   I - +1 pair of gloves
MR       +....     NoTele   +   (boots unavailable)
Stlth    ..........             F - amulet of the acrobat
HPRegen  1.28/turn              s - +2 ring of evasion
MPRegen  0.15/turn              G - ring of protection from magic

@: grasped by roots, constricted, very slow
A: hooves 3, icy blue scales 1, nightstalker 1, powered by death 2
a: Bend Time, Temporal Distortion, Slouch, Step From Time, Renounce Religion


You were in the Dungeon.
You worshipped Cheibriados.
Cheibriados was exalted by your worship.
You were hungry.

You visited 1 branch You collected 1943 gold pieces.
You spent 217 gold pieces at shops.

Inventory:

Hand Weapons
 a - a +4 trident of pain
 o - a +2 halberd of venom (weapon)
 B - a +1 antimagic bardiche
 H - a +3 vorpal trident
Armour
 c - a +0 kite shield
 p - a +0 cloak (worn)
 y - a +1 helmet (worn)
 z - a +2 plate armour (worn)
 I - a +1 pair of gloves (worn)
Jewellery
 s - a +2 ring of evasion (left hand)
 t - an uncursed ring of see invisible
 F - an amulet of the acrobat (around neck)
 G - a ring of protection from magic (right hand)
Wands
 n - a wand of iceblast (10)
 r - a wand of enslavement (4)
Scrolls
 k - 3 scrolls of blinking
 l - 6 scrolls of remove curse
 m - 2 scrolls of amnesia
 u - 5 scrolls of identify
 v - a scroll of fear
 w - 5 scrolls of enchant armour
 x - a scroll of fog
 C - a scroll of random uselessness {unknown}
 D - 2 scrolls of immolation {unknown}
Potions
 b - 2 potions of resistance
 d - 3 potions of might
 e - a potion of invisibility
 g - 2 potions of heal wounds
 h - 2 potions of haste
 i - 4 potions of magic
 j - 5 potions of curing
 q - a potion of stabbing {unknown}
 A - a potion of brilliance
Comestibles
 f - 12 rations


   Skills:
 + Level 14.9 Fighting
 * Level 19.6 Polearms
 + Level 12.9 Armour
 + Level 4.1 Dodging
 + Level 1.1 Stealth
 - Level 2.6 Shields
 * Level 7.8 Invocations


You had 11 spell levels left.
You didn't know any spells.
Your spell library was empty.

Dungeon Overview and Level Annotations

Branches:
Dungeon (1/1)

Altars:
Cheibriados
Dithmenos
Elyvilon
Fedhas
Gozag
Hepliaklqana
Kikubaaqudgha
Makhleb
Nemelex Xobeh
Okawaru
Qazlal
Ru
Sif Muna
Trog
Uskayaw
Vehumet
Wu Jian
Xom
Yredelemnul
Zin
The Shining One
Beogh
Jiyva
Lugonu

Shops:
D ((*%


Innate Abilities, Weirdness & Mutations

You have hooves in place of feet.
You are partially covered in icy blue scales. (AC +2)
You are slightly more attuned to the shadows.
You regenerate health from kills.


Message History

The grasping roots constrict you!!
You hit the tyrant leech but do no damage.
The tyrant leech looks as sick as possible!
Your kick misses the tyrant leech.
The tyrant leech is heavily wounded.
You completely miss the tyrant leech. You kick the tyrant leech!
The tyrant leech is heavily wounded.
The grasping roots constrict you. The tyrant leech bites you!!
* * * LOW HITPOINT WARNING * * *
The tyrant leech draws strength from your injuries!
Unknown command.
Attack whom?
Press: ? - help, Dir - move target cursor, f - shambling mangrove
Aim: a shambling mangrove You reach to attack!
You hit the shambling mangrove.
The shambling mangrove is lightly damaged.
The tyrant leech bites you!
* * * LOW HITPOINT WARNING * * *
The tyrant leech draws strength from your injuries!
You die...

▓.............)))†.÷.......[[)[
▓▓▓▓▓▓▓▓▓▓▓▓▓▓▓▓▓▓▓▓▓▓▓▓▓▓▓▓▓▓▓
▓...........)..................
▓.▓▓▓▓▓▓▓▓▓▓▓▓▓▓▓▓▓▓▓▓▓▓▓▓▓▓▓▓▓
▓.........'.==..)))))))..[[[[[[
▓▓▓▓▓▓▓▓▓▓▓▓▓▓▓▓▓▓▓▓▓▓▓▓▓▓▓▓▓▓▓
▓..............................
▓.▓▓▓▓▓▓▓▓▓▓▓▓▓▓♣♣♣♣♣♣♣♣♣♣▓▓▓▓▓
▓.............@wfDF...
▓▓▓▓▓▓▓▓▓▓▓▓▓▓▓▓♣♣♣♣♣♣


You could see a shambling mangrove, a swamp dragon, a tyrant leech and a spiny
frog.

Vanquished Creatures
  Josephine (D)
  An ogre mage (D)
  2 hydras (D)
  A vampire mage (D)
  A deep troll earth mage (D)
  2 unseen horrors (D)
  A swamp dragon (shapeshifter) (D)
  2 spriggan druids (D)
  2 lindwurms (D)
  7 orc knights (D)
  A cyclops (D)
  Maurice (D)
  A spiny frog (D)
  A komodo dragon (D)
  A yaktaur (D)
  2 trolls (D)
  A meliai (D)
  A tyrant leech (D)
  2 slime creatures (D)
  A hippogriff (D)
  3 wraiths (D)
  Eustachio (D)
  3 yaks (D)
  A basilisk (D)
  4 water moccasins (D)
  A porcupine (D)
  18 orc warriors (D)
  An ice beast (D)
  An ogre (D)
  3 crocodiles (D)
  A centaur (D)
  6 bullfrogs (D)
  2 crimson imps (D)
  3 orc priests (D)
  2 hounds (D)
  5 orc wizards (D)
  3 worker ants (D)
  An adder (D)
  An adder zombie (D)
  5 worms (D)
  6 orcs (D)
  A giant cockroach (D)
  A hobgoblin (D)
  A bat (D)
  A leopard gecko zombie (D)
  2 rats (D)
109 creatures vanquished.

Notes
Turn   | Place    | Note
-------+----------+-------------------------------------------
     0 | D        | McKennaii the Demonspawn Fighter began the quest for the
                  | Orb.
     0 | D        | Reached XP level 1. HP: 18/18 MP: 1/1
     9 | D        | Reached skill level 2 in Polearms
    32 | D        | Noticed a worker ant
    32 | D        | Noticed a worker ant
    32 | D        | Noticed a hound
    38 | D        | Killed a worker ant
    38 | D        | Reached skill level 3 in Polearms
    38 | D        | Gained mutation: You have large cloven feet. [demonic
                  | ancestry]
    38 | D        | Reached XP level 2. HP: 10/26 MP: 2/2
    41 | D        | Reached skill level 4 in Polearms
    41 | D        | Reached XP level 3. HP: 9/32 MP: 3/3
    44 | D        | Reached skill level 5 in Fighting
    44 | D        | Reached skill level 5 in Armour
    44 | D        | Reached skill level 1 in Dodging
    44 | D        | Gained mutation: You have hoof-like feet. [demonic
                  | ancestry]
    44 | D        | Reached XP level 4. HP: 8/39 MP: 4/4
    48 | D        | Reached skill level 5 in Polearms
    57 | D        | Found a roughly hewn altar of Beogh.
    57 | D        | Found a snail-covered altar of Cheibriados.
    57 | D        | Found a shadowy altar of Dithmenos.
    57 | D        | Found a white marble altar of Elyvilon.
    57 | D        | Found a blossoming altar of Fedhas.
    57 | D        | Found an opulent altar of Gozag.
    58 | D        | Found a hazy altar of Hepliaklqana.
    59 | D        | Found a viscous altar of Jiyva.
    60 | D        | Found an ancient bone altar of Kikubaaqudgha.
    61 | D        | Found a corrupted altar of Lugonu.
    62 | D        | Found a burning altar of Makhleb.
    63 | D        | Found a sparkling altar of Nemelex Xobeh.
    64 | D        | Found an iron altar of Okawaru.
    65 | D        | Found a stormy altar of Qazlal.
    66 | D        | Found a sacrificial altar of Ru.
    67 | D        | Found a shimmering blue altar of Sif Muna.
    68 | D        | Found a bloodstained altar of Trog.
    69 | D        | Found a hide-covered altar of Uskayaw.
    70 | D        | Found a radiant altar of Vehumet.
    71 | D        | Found an ornate altar of the Wu Jian Council.
    72 | D        | Found a shimmering altar of Xom.
    73 | D        | Found a basalt altar of Yredelemnul.
    74 | D        | Found a glowing silver altar of Zin.
    75 | D        | Found a glowing golden altar of the Shining One.
   269 | D        | Noticed an ogre
   269 | D        | Noticed an ice beast
   269 | D        | Noticed a bullfrog
   273 | D        | Killed an ogre
   273 | D        | Reached skill level 6 in Polearms
   273 | D        | Reached XP level 5. HP: 47/47 MP: 5/5
   278 | D        | Killed an ice beast
   278 | D        | Reached skill level 7 in Polearms
   278 | D        | Gained mutation: You are slightly more attuned to the
                  | shadows. [demonic ancestry]
   278 | D        | Reached XP level 6. HP: 53/55 MP: 6/6
   280 | D        | Reached skill level 8 in Polearms
   295 | D        | Reached skill level 9 in Polearms
   340 | D        | Noticed a meliai
   343 | D        | Noticed a cyclops
   354 | D        | Killed an unseen horror
   354 | D        | Reached skill level 11 in Polearms
   354 | D        | Gained mutation: You regenerate a little health from kills.
                  | [demonic ancestry]
   354 | D        | Reached XP level 7. HP: 35/64 MP: 7/7
   357 | D        | Reached XP level 8. HP: 32/71 MP: 8/8
   364 | D        | Killed a meliai
   364 | D        | Reached skill level 12 in Polearms
   372 | D        | Killed a cyclops
   372 | D        | Reached skill level 13 in Polearms
   417 | D        | Became a worshipper of Cheibriados the Contemplative
   799 | D        | Noticed a spiny frog
   806 | D        | Noticed a komodo dragon
   807 | D        | Reached * piety under Cheibriados
   817 | D        | Killed a spiny frog
   817 | D        | Reached skill level 10 in Fighting
   817 | D        | Reached skill level 14 in Polearms
   817 | D        | Reached XP level 9. HP: 78/78 MP: 9/9
   821 | D        | Reached ** piety under Cheibriados
   834 | D        | Killed a komodo dragon
   834 | D        | Reached *** piety under Cheibriados
  1120 | D        | Noticed an eight-headed hydra
  1124 | D        | Reached **** piety under Cheibriados
  1124 | D        | Reached skill level 15 in Polearms
  1140 | D        | Killed an eight-headed hydra
  1142 | D        | Reached ***** piety under Cheibriados
  1147 | D        | Gained mutation: You are partially covered in icy blue
                  | scales. (AC +2) [demonic ancestry]
  1147 | D        | Reached XP level 10. HP: 37/86 MP: 10/10
  1162 | D        | Reached skill level 16 in Polearms
  1163 | D        | Reached ****** piety under Cheibriados
  1390 | D        | Noticed a lindwurm
  1390 | D        | Noticed a lindwurm
  1401 | D        | Killed a lindwurm
  1401 | D        | Reached skill level 10 in Armour
  1411 | D        | Killed a lindwurm
  1676 | D        | Noticed Josephine
  1682 | D        | Killed Josephine
  1682 | D        | Reached skill level 17 in Polearms
  1826 | D        | Noticed an orc knight
  1833 | D        | Noticed an orc knight
  1841 | D        | Killed an orc knight
  1841 | D        | Gained mutation: You have hooves in place of feet. [demonic
                  | ancestry]
  1841 | D        | Reached XP level 11. HP: 44/97 MP: 11/11
  1842 | D        | Noticed an orc knight
  1851 | D        | Killed an orc knight
  1856 | D        | Killed an orc knight
  2193 | D        | Noticed an orc knight
  2193 | D        | Noticed an orc knight
  2193 | D        | Noticed an orc knight
  2198 | D        | Killed an orc knight
  2198 | D        | Reached skill level 18 in Polearms
  2201 | D        | Killed an orc knight
  2209 | D        | Killed an orc knight
  2214 | D        | Found Cotira Tigg's Antique Weapon Emporium.
  2224 | D        | Noticed an orc knight
  2238 | D        | Killed an orc knight
  2455 | D        | Found Kuqugaj's Weapon Shoppe.
  2459 | D        | Found Pecs's Assorted Antiques.
  2463 | D        | Found Olacisk's Food Shoppe.
  2482 | D        | Bought a fizzy red potion for 19 gold pieces
  2482 | D        | Bought a scroll labeled SIRULI ZUHI for 22 gold pieces
  2482 | D        | Bought a scroll labeled SIRULI ZUHI for 22 gold pieces
  2482 | D        | Bought a scroll labeled KISTRUH TOTO for 22 gold pieces
  2482 | D        | Bought a potion of might for 88 gold pieces
  2482 | D        | Bought a scroll of identify for 44 gold pieces
  2533 | D        | Noticed Maurice
  2542 | D        | Killed Maurice
  2564 | D        | Noticed Eustachio
  2570 | D        | Killed Eustachio
  2712 | D        | Noticed a six-headed hydra
  2723 | D        | Killed an unseen horror
  2726 | D        | Noticed a vampire mage
  2727 | D        | Killed a six-headed hydra
  2727 | D        | Reached skill level 1 in Stealth
  2727 | D        | Reached skill level 5 in Invocations
  2734 | D        | Reached skill level 19 in Polearms
  2744 | D        | Killed a vampire mage
  2746 | D        | Noticed a deep troll earth mage
  2755 | D        | Killed a deep troll earth mage
  2793 | D        | Noticed an ogre mage
  2800 | D        | Noticed a glowing orange brain
  2803 | D        | a glowing orange brain changed into an eye of devastation
  2806 | D        | Killed an ogre mage
  2806 | D        | Gained mutation: You regenerate health from kills. [demonic
                  | ancestry]
  2806 | D        | Reached XP level 12. HP: 108/108 MP: 15/17
  2919 | D        | Noticed a shambling mangrove
  2937 | D        | Mangled by a shambling mangrove

Levels and vault maps discovered:
D:        linesprint [early_d, line_temple, items_1, d_10, items_2, lair_1,
          lair_end, items_3, orc_1, orc_end, items_4, d_15, swamp_1, shoals_1,
          snake_1, spider_1, d_20, vaults_1, items_5, swamp_end, shoals_end,
          snake_end, spider_end, vaults_end, d_27, items_6, zot_1, zot_end,
          crypt_end, forest_end, elf_end, slime_end, tomb_end, abyss_end,
          pan_hell_end]

Skill      XL: |  1  2  3  4  5  6  7  8  9 10 11 |
---------------+----------------------------------+-----
Polearms       | 3 4 6 7 11 14 15 17 19 | 19.6
Armour         | 4 5 6 7 8 9 11 12 | 12.9
Fighting       | 4 5 6 7 9 10 12 14 | 14.9
Dodging        | 1 2 3 4 |  4.1
Invocations    | 7 |  7.8
Stealth        | 1 |  1.1
Shields        | |  2.6

Action                   |  1- 3 |  4- 6 |  7- 9 | 10-12 || total
-------------------------+-------+-------+-------+-------++-------
Melee: Trident           |    26 |     3 |    10 |     8 ||    47
       Kick              |     3 |       |       |    60 ||    63
       Halberd           |       |    42 |    72 |   275 ||   389
  Use: Potion            |     1 |     1 |     2 |     2 ||     6
  Eat: Chunk             |       |       |       |     3 ||     3
Armor: Scale mail        |    11 |     1 |       |       ||    12
       Chain mail        |       |    25 |    22 |    20 ||    67
       Plate armour      |       |       |       |    37 ||    37
Dodge: Dodged            |     5 |    19 |    62 |    81 ||   167
Block: Kite shield       |     9 |       |       |       ||     9

Table legend:
 A = Non-vault XP
 B = Vault XP
 C = Vault XP percentage of total XP
 D = Non-vault monster count
 E = Vault monster count
 F = Vault count percentage of total count
                 A         B        C        D         E       F
            +---------+---------+-------+---------+---------+-------
      Total |       0 |   25053 | 100.0 |       0 |     109 | 100.0
            +---------+---------+-------+---------+---------+-------
          D |       0 |   25053 | 100.0 |       0 |     109 | 100.0
            +---------+---------+-------+---------+---------+-------
